[Event "Paul Keres Memorial-U20 Girls 2020"]
[Site "Parnu"]
[Date "2020.08.01"]
[Round "7.2"]
[White "Tonso, Liina"]
[Black "Narva, Mai"]
[Result "1/2-1/2"]
[ECO "D02"]
[WhiteElo "1862"]
[BlackElo "2333"]
[Annotator "ChessBase"]
[PlyCount "150"]
[EventDate "2020.07.27"]
[EventType "tourn"]
[EventCountry "EST"]
[TimeControl "5400+30"]

1. d4 Nf6 2. Nf3 e6 3. Bf4 b6 4. e3 Bb7 5. Bd3 Be7 6. h3 O-O 7. Nbd2 c5 8. c3 d5 9. O-O Nc6 10. Qe2 Bd6 11. Ne5 Qc7 12. Ndf3 Ne4 13. Nxc6 Bxc6 14. Bxd6 Qxd6 15. a4 a5 16. Ne5 Bb7 17. Rfd1 f6 18. Nf3 Qc7 19. c4 Rac8 20. Rac1 Qe7 21. b3 Rfd8 22. Qb2 Kh8 23. Nd2 cxd4 24. exd4 Ng5 25. Nf1 Qd6 26. Be2 Qc6 27. Ne3 dxc4 28. Rxc4 Qe4 29. d5 Qg6 30. Kh2 exd5 31. Rxc8 Rxc8 32. Nxd5 Re8 33. Bb5 Rf8 34. Qd4 Ne6 35. Qe3 f5 36. Qg3 Qxg3+ 37. Kxg3 Rd8 38. Bc4 f4+ 39. Kf3 Re8 40. Kg4 Rd8 41. Re1 Bc8 42. Nxb6 Nc5+ 43. Nxc8 Rxc8 44. Kxf4 g6 45. Re7 Nxa4 46. Be6 Rf8+ 47. Rf7 Rxf7+ 48. Bxf7 Nc3 49. Be8 Kg7 50. Bc6 Kf6 51. Ke3 Ke5 52. Kd3 Nd1 53. Kc4 Nxf2 54. Kb5 Kd6 55. Bf3 Nd3 56. Kxa5 Kc5 57. Be2 Nb4 58. Ka4 g5 59. Ka3 h6 60. Bf3 Nd3 61. Be4 Nb4 62. Kb2 Kd4 63. Bf3 Kd3 64. Bb7 Kd4 65. Bf3 Kd3 66. Bg4 Kd4 67. Be6 Nd3+ 68. Ka3 Nf4 69. Bg4 Nxg2 70. b4 Nf4 71. Ka4 h5 72. Bf3 Nxh3 73. Bxh5 Nf4 74. Bg4 Nd5 75. b5 Nc3+ 1/2-1/2

[Event "Paul Keres Memorial-U20 Girls 2020"]
[Site "Parnu"]
[Date "2020.08.01"]
[Round "7.4"]
[White "Nilssen, Ellen Fredericia"]
[Black "Kiolbasa, Oliwia"]
[Result "1/2-1/2"]
[ECO "A36"]
[WhiteElo "2071"]
[BlackElo "2160"]
[Annotator "ChessBase"]
[PlyCount "29"]
[EventDate "2020.07.27"]
[EventType "tourn"]
[EventCountry "EST"]
[TimeControl "5400+30"]

1. c4 Nf6 2. Nc3 c5 3. g3 Nc6 4. Bg2 e6 5. e4 Be7 6. Nge2 O-O 7. O-O d6 8. d3 a6 9. h3 Rb8 10. a4 b6 11. f4 Bb7 12. g4 Ne8 13. Be3 Nc7 14. Qd2 Na5 15. Rad1 1/2-1/2

[Event "Paul Keres Memorial-U20 Girls 2020"]
[Site "Parnu"]
[Date "2020.08.01"]
[Round "7.5"]
[White "Limanovska, Elizabete"]
[Black "Muetsch, Annmarie"]
[Result "1-0"]
[ECO "B07"]
[WhiteElo "2179"]
[BlackElo "2219"]
[Annotator "ChessBase"]
[PlyCount "121"]
[EventDate "2020.07.27"]
[EventType "tourn"]
[EventCountry "EST"]
[TimeControl "5400+30"]

1. e4 d6 2. d4 Nf6 3. Bd3 e5 4. d5 g6 5. c4 Nbd7 6. Nc3 a5 7. Nf3 Bg7 8. h3 Nh5 9. Ne2 Nc5 10. Bc2 O-O 11. Bd2 f5 12. exf5 Bxf5 13. Bxf5 Rxf5 14. O-O Rxf3 15. gxf3 Qh4 16. Kh2 Rf8 17. Ng3 Nf4 18. Bxf4 exf4 19. Ne2 Rf5 20. Qd2 Nd7 21. Qxa5 Rh5 22. Ng1 Ne5 23. Qa3 Bf8 24. Rac1 Qd8 25. b4 Nf7 26. Qd3 Ng5 27. Rfd1 Qd7 28. Qf1 b6 29. Rd3 Rh4 30. Ra3 Qc8 31. Rcc3 Bg7 32. Rd3 Be5 33. Ra4 Kg7 34. Rda3 Kh6 35. Ra8 Qf5 36. Rd3 Qd7 37. b5 Qg7 38. a4 Bd4 39. Re8 Qd7 40. Re2 Bc5 41. Rb3 Qf5 42. Ra2 Rh5 43. Rb1 Kg7 44. Re1 Kh6 45. Re7 Qc8 46. Rae2 Bd4 47. Re8 Qf5 48. R2e7 Qc2 49. Qe2 Qxa4 50. Rxc7 Rh4 51. Kg2 Qb3 52. Qe7 Qc2 53. Qf8+ Kh5 54. Re2 Qd3 55. Qxd6 h6 56. Rc6 Qb1 57. Qe7 Nxh3 58. Nxh3 Rxh3 59. Re1 Qc2 60. Kxh3 Qxf2 61. Re5+ 1-0

[Event "Paul Keres Memorial-U20 Girls 2020"]
[Site "Parnu"]
[Date "2020.08.01"]
[Round "8.1"]
[White "Olde, Margareth"]
[Black "Muetsch, Annmarie"]
[Result "1/2-1/2"]
[ECO "E90"]
[WhiteElo "2201"]
[BlackElo "2219"]
[Annotator "ChessBase"]
[PlyCount "88"]
[EventDate "2020.07.27"]
[EventType "tourn"]
[EventCountry "EST"]
[TimeControl "5400+30"]

1. d4 Nf6 2. c4 g6 3. Nc3 Bg7 4. e4 d6 5. h3 O-O 6. Be3 e5 7. d5 a5 8. Nf3 Na6 9. g4 Nc5 10. Nd2 Bd7 11. Qc2 a4 12. a3 c6 13. O-O-O Qa5 14. Bxc5 Qxc5 15. Nxa4 Qxf2 16. dxc6 Bxc6 17. Nc3 Rfc8 18. Bd3 Qa7 19. Nb3 Bh6+ 20. Kb1 Ba4 21. Nxa4 Qxa4 22. Nc1 Qxc2+ 23. Bxc2 Bxc1 24. Rxc1 Rxc4 25. Bb3 Rc5 26. Rcd1 Nxe4 27. Rhe1 Ng5 28. Rxd6 Nxh3 29. Rd7 Ng5 30. Rf1 Rf8 31. Rxb7 e4 32. Re7 Rcc8 33. Bd5 Kg7 34. Bxe4 Rc4 35. Bd5 Rxg4 36. b4 Rg3 37. Kb2 Rd8 38. Bxf7 Rd2+ 39. Kc1 Rh2 40. Bd5+ Kh6 41. b5 Rxa3 42. Kb1 Rd3 43. Bc6 Rb3+ 44. Ka1 Ra3+ 1/2-1/2

[Event "Paul Keres Memorial-U20 Girls 2020"]
[Site "Parnu"]
[Date "2020.08.01"]
[Round "8.2"]
[White "Kiolbasa, Oliwia"]
[Black "Limanovska, Elizabete"]
[Result "1/2-1/2"]
[ECO "C84"]
[WhiteElo "2160"]
[BlackElo "2179"]
[Annotator "ChessBase"]
[PlyCount "65"]
[EventDate "2020.07.27"]
[EventType "tourn"]
[EventCountry "EST"]
[TimeControl "5400+30"]

1. e4 e5 2. Nf3 Nc6 3. Bb5 a6 4. Ba4 Nf6 5. O-O Be7 6. d3 b5 7. Bb3 d6 8. a3 Bg4 9. Be3 O-O 10. Nc3 Nd4 11. Bxd4 exd4 12. Nd5 c5 13. h3 Be6 14. Nd2 Nxd5 15. Bxd5 Bxd5 16. exd5 Re8 17. Re1 Bf8 18. Qf3 Ra7 19. Re4 Re5 20. a4 Rae7 21. axb5 axb5 22. Ra6 f5 23. Rxe5 Rxe5 24. b4 Qe8 25. bxc5 dxc5 26. d6 Qe6 27. Qc6 Rd5 28. Qxb5 Rxd6 29. Rxd6 Qe1+ 30. Nf1 Bxd6 31. Qc4+ Kf8 32. Qd5 Qe5 33. Qxe5 1/2-1/2

[Event "Paul Keres Memorial-U20 Girls 2020"]
[Site "Parnu"]
[Date "2020.08.01"]
[Round "8.3"]
[White "Nazarova, Anastasia"]
[Black "Nilssen, Ellen Fredericia"]
[Result "1-0"]
[ECO "C09"]
[WhiteElo "2171"]
[BlackElo "2071"]
[Annotator "ChessBase"]
[PlyCount "107"]
[EventDate "2020.07.27"]
[EventType "tourn"]
[EventCountry "EST"]
[TimeControl "5400+30"]

1. e4 e6 2. d4 d5 3. Nd2 c5 4. exd5 exd5 5. Ngf3 Nc6 6. Bb5 Qe7+ 7. Be2 Qc7 8. O-O Nf6 9. Re1 cxd4 10. h3 Be7 11. Nb3 O-O 12. Nbxd4 Re8 13. c3 a6 14. Be3 Bd7 15. Qc2 Ne4 16. Rad1 Bd6 17. Qc1 Rad8 18. Bd3 Nxd4 19. Nxd4 Be5 20. Bc2 Bc6 21. Nf3 Bd6 22. Bb3 Re6 23. Ng5 Rg6 24. Nxe4 dxe4 25. Kh1 Qe7 26. Rd4 Re8 27. Bf4 Bc5 28. Rd2 Qf6 29. Be3 Bd6 30. Qd1 Bd7 31. Rd5 Bc6 32. Rd2 Bc7 33. Bd5 Qe5 34. g3 Qf5 35. Kg2 h5 36. Bxc6 bxc6 37. h4 Ree6 38. Rd7 Bd6 39. Rd8+ Kh7 40. Bg5 f6 41. Qxh5+ Rh6 42. Qf7 Qf3+ 43. Kg1 Bxg3 44. Qg8+ Kg6 45. fxg3 Qxg3+ 46. Kf1 Qf3+ 47. Kg1 Qg4+ 48. Kf2 fxg5 49. Ke3 Rxh4 50. Kd2 e3+ 51. Kc1 e2 52. Rd7 Rh7 53. Qf7+ Kh6 54. Rh1+ 1-0

[Event "Paul Keres Memorial-U20 Girls 2020"]
[Site "Parnu"]
[Date "2020.08.01"]
[Round "8.4"]
[White "Narva, Mai"]
[Black "Norlamo, Sarabella"]
[Result "1-0"]
[ECO "C96"]
[WhiteElo "2333"]
[BlackElo "2023"]
[Annotator "ChessBase"]
[PlyCount "61"]
[EventDate "2020.07.27"]
[EventType "tourn"]
[EventCountry "EST"]
[TimeControl "5400+30"]

1. e4 e5 2. Nf3 Nc6 3. Bb5 a6 4. Ba4 Nf6 5. O-O b5 6. Bb3 Be7 7. Re1 O-O 8. h3 d6 9. c3 Na5 10. Bc2 c5 11. d4 Nd7 12. Nbd2 exd4 13. cxd4 Nc6 14. d5 Nce5 15. a4 Rb8 16. Nxe5 Nxe5 17. f4 Ng6 18. Nf3 Bh4 19. Rf1 Bg3 20. f5 Ne5 21. Ng5 h6 22. f6 hxg5 23. Bxg5 Ng6 24. Qh5 Be5 25. fxg7 Qe8 26. Bf6 Bxf6 27. gxf8=Q+ Qxf8 28. Rxf6 Ne5 29. axb5 Rxb5 30. Rh6 Ng6 31. e5 1-0